Map: Lerilak Crest

Players

INnoVation - Winner!

  • Race: Terran Terran

LiquidMaNa (MaNa)

  • Race: Protoss Protoss

Event: NationWars III

VOD

https://youtu.be/nm7Yb7Z5Yg4

Description

Time

  • Played on: Jan. 3, 2016, 9:58 a.m.
  • Length: 10:40
Show
View Real Time Build Order
Export as new Build Order

INnoVation Terran - Winner!

Build Orders: Liberator Opening 

Get SALT Encoding   

  12  0:01  SCV  
  13  0:13  SCV  
  14  0:17  Supply Depot  
  14  0:25  SCV  
  15  0:38  SCV  
  15  0:39  Barracks  
  16  0:45  Refinery  
  16  0:51  SCV  
  17  1:03  SCV  
  18  1:15  SCV  
  19  1:28  Barracks Reactor, Orbital Command  
  19  1:43  Command Center  
  19  1:53  Supply Depot  
  19  1:54  SCV  
  20  2:04  Marine x2  
  20  2:06  SCV  
  23  2:14  Factory  
  23  2:18  SCV  
  23  2:22  Marine x2  
  25  2:28  Refinery  
  26  2:31  SCV  
  27  2:40  Marine x2  
  27  2:43  SCV  
  30  2:55  SCV, Orbital Command  
  31  3:00  Starport  
  31  3:02  Factory Tech Lab  
  31  3:07  SCV  
  31  3:10  Marine x2  
  34  3:22  Cyclone  
  34  3:25  SCV  
  37  3:27  SCV, Marine  
  37  3:28  Marine  
  39  3:36  Liberator  
  39  3:40  Supply Depot, SCV x2  
  39  3:48  Marine x2  
  39  3:53  SCV x2  
  44  4:03  Supply Depot  
  44  4:05  SCV x2  
  44  4:06  Marine x2  
  44  4:07  Engineering Bay  
  48  4:13  Siege Tank  
  51  4:17  SCV  
  51  4:18  SCV  
  53  4:24  Marine  
  53  4:25  Marine  
  53  4:26  Supply Depot, Bunker  
  55  4:33  SCV x2  
  55  4:38  Supply Depot  
  57  4:43  Marine x2  
  57  4:45  Siege Tank  
  62  4:52  SCV x2  
  59  5:01  Marine x2  
  59  5:04  SCV x2  
  61  5:12  Command Center, Missile Turret  
  61  5:18  Siege Tank, Marine  
  61  5:19  Marine  
  61  5:21  SCV x2  
  68  5:30  Supply Depot  
  68  5:36  SCV x2  
  68  5:39  Bunker  
  68  5:42  Supply Depot  
  70  5:52  Medivac, Siege Tank, Marine x2  
  70  5:55  Supply Depot  
  78  6:01  Barracks  
  78  6:02  Barracks  
  77  6:10  Supply Depot, Marine x2  
  79  6:13  Missile Turret  
  79  6:17  Refinery  
  79  6:18  Refinery  
  79  6:22  SCV x2  
  79  6:24  Siege Tank  
  84  6:31  Orbital Command  
  83  6:39  SCV x2  
  85  6:43  Marine  
  85  6:44  Marine  
  85  6:48  Starport Reactor  
  85  6:52  SCV x2  
  85  6:53  Barracks Tech Lab x2  
  76  6:58  SCV  
  72  7:04  SCV x2  
  71  7:10  SCV  
  71  7:12  Marine x3  
  71  7:13  Combat Shields, Stimpack, Marine  
  76  7:16  SCV x2  
  76  7:18  Terran Infantry Weapons Level 1  
  76  7:19  Orbital Command  
  76  7:22  SCV  
  79  7:28  SCV  
  79  7:29  SCV  
  81  7:36  Barracks  
  81  7:37  Siege Tank, Barracks  
  84  7:40  SCV  
  84  7:41  SCV  
  86  7:46  Marine x4  
  86  7:47  Medivac x2  
  94  7:55  SCV x2  
  96  7:59  Supply Depot  
  96  8:06  Marine x2, Orbital Command  
  96  8:07  Marine x2  
  96  8:09  Siege Tank  
  96  8:11  SCV x2  
  105  8:13  Supply Depot  
  105  8:21  Missile Turret  
  105  8:22  Supply Depot  
  105  8:24  Missile Turret  
  103  8:28  Missile Turret  
  103  8:29  SCV  
  103  8:30  SCV  
  103  8:33  SCV  
  102  8:39  Barracks Reactor  
  102  8:40  Barracks Reactor  
  102  8:41  SCV, Marine x4  
  103  8:42  Siege Tank  
  110  8:48  SCV x2  
  110  8:53  SCV  
  113  8:57  Missile Turret  
  113  9:00  Medivac  
  113  9:01  Supply Depot, Marine x4, Medivac  
  121  9:04  SCV x2  
  123  9:17  Supply Depot, Marine x2  
  123  9:18  Marine x2  
  123  9:19  Marine x4  
  123  9:21  Siege Tank  
  134  9:27  Refinery  
  134  9:30  Supply Depot, Medivac  
  134  9:31  Supply Depot, Medivac  
  138  9:35  Marine x3  
  138  9:37  Marine x5  
  146  9:43  Refinery  
  146  9:44  Supply Depot  
  145  9:53  Siege Tank, Marine x3  
  145  9:55  Marine x5  
  146  10:01  Medivac x2  
  143  10:11  Marine x3  
  143  10:12  Marine  
  143  10:13  Marine x2  
  147  10:16  Marine x2  
  147  10:21  Armory  
  148  10:26  Engineering Bay  
Show
View Real Time Build Order
Export as new Build Order

LiquidMaNa Protoss 

Build Orders: 1 Gate Expand 

Get SALT Encoding   

  12  0:00  Probe (Chrono Boost)  
  13  0:11  Probe (Chrono Boost)  
  14  0:17  Pylon  
  14  0:22  Probe (Chrono Boost)  
  15  0:35  Probe (Chrono Boost)  
  16  0:37  Gateway  
  16  0:45  Probe (Chrono Boost)  
  17  1:07  Nexus  
  17  1:12  Probe (Chrono Boost)  
  17  1:17  Assimilator  
  18  1:25  Cybernetics Core  
  18  1:29  Probe (Chrono Boost)  
  19  1:34  Assimilator  
  19  1:39  Probe (Chrono Boost)  
  20  1:47  Pylon  
  20  1:50  Probe (Chrono Boost)  
  21  2:00  Probe (Chrono Boost)  
  22  2:03  Warp Gate (Chrono Boost)  
  22  2:05  Adept (Chrono Boost)  
  24  2:12  Probe  
  25  2:23  Probe  
  25  2:24  Probe  
  25  2:28  Adept (Chrono Boost)  
  29  2:34  Probe (Chrono Boost)  
  29  2:36  Probe (Chrono Boost)  
  30  2:42  Robotics Facility  
  30  2:46  Probe (Chrono Boost)  
  30  2:48  Probe (Chrono Boost)  
  32  2:54  Sentry  
  32  3:03  Gateway  
  32  3:07  Gateway  
  32  3:10  Mothership Core (Chrono Boost)  
  34  3:19  Gateway  
  34  3:27  Sentry  
  36  3:33  Probe  
  36  3:35  Probe  
  36  3:39  Warp Prism (Chrono Boost)  
  38  3:43  Probe  
  38  3:47  Probe  
  38  4:03  Adept  
  38  4:04  Adept, Pylon  
  42  4:11  Pylon  
  42  4:12  Observer (Chrono Boost)  
  42  4:15  Adept  
  45  4:25  Stalker  
  45  4:27  Stalker  
  49  4:42  Probe x2 (Chrono Boost)  
  51  4:48  Pylon  
  51  4:58  Stalker x4  
  55  5:06  Probe x2 (Chrono Boost)  
  51  5:12  Warp Prism  
  53  5:16  Probe (Chrono Boost)  
  53  5:17  Probe (Chrono Boost)  
  55  5:27  Probe x2 (Chrono Boost)  
  57  5:33  Adept x3  
  63  5:38  Adept  
  63  5:41  Probe (Chrono Boost)  
  65  5:49  Probe (Chrono Boost)  
  66  5:50  Twilight Council  
  66  5:51  Probe (Chrono Boost)  
  67  5:57  Pylon  
  67  5:58  Assimilator  
  67  5:59  Probe (Chrono Boost)  
  67  6:03  Probe (Chrono Boost)  
  69  6:04  Assimilator  
  69  6:10  Probe (Chrono Boost)  
  70  6:20  Probe (Chrono Boost)  
  70  6:21  Probe (Chrono Boost)  
  72  6:26  Resonating Glaives  
  72  6:28  Pylon  
  70  6:40  Adept x3  
  70  6:41  Adept  
  70  6:45  Probe x2 (Chrono Boost)  
  74  6:55  Probe x2 (Chrono Boost)  
  70  7:02  Stalker x2, Adept x2  
  70  7:06  Probe (Chrono Boost)  
  63  7:12  Probe (Chrono Boost), Stargate  
  63  7:13  Adept x4  
  63  7:15  Stargate  
  72  7:16  Probe (Chrono Boost)  
  77  7:22  Immortal  
  77  7:27  Nexus  
  77  7:30  Pylon  
  77  7:33  Sentry  
  77  7:34  Sentry  
  77  7:36  Probe x2 (Chrono Boost)  
  83  7:45  Pylon  
  83  7:50  Pylon  
  83  7:52  Adept  
  83  7:53  Stalker  
  83  7:56  Phoenix (Chrono Boost)  
  89  8:00  Phoenix (Chrono Boost)  
  91  8:06  Adept  
  91  8:07  Adept  
  95  8:16  Observer  
  96  8:20  Phoenix (Chrono Boost)  
  98  8:28  Probe  
  98  8:31  Phoenix (Chrono Boost)  
  101  8:38  Adept x4  
  109  8:53  Immortal  
  113  8:57  Pylon  
  113  9:01  Phoenix (Chrono Boost)  
  115  9:07  Adept x2  
  115  9:09  Assimilator  
  119  9:10  Assimilator  
  119  9:16  Forge  
  119  9:18  Forge  
  119  9:21  Adept  
  119  9:22  Adept  
  123  9:26  Gateway  
  123  9:28  Gateway, Phoenix (Chrono Boost)  
  125  9:35  Phoenix (Chrono Boost)  
  127  9:42  Pylon  
  127  9:44  Pylon  
  127  9:49  Pylon  
  127  9:50  Pylon  
  99  10:05  Adept x4  
  85  10:09  Phoenix x2 (Chrono Boost)  
  83  10:23  Adept x2  
  83  10:26  Adept x4  
Tags
 
Add a new tag
Caveats
  • Supply blocks, unpowered buildings, or Contaminate may cause inaccurate times.
  • Supply counts are checked every 10 seconds.